Map: Eternal Empire LE

Players

Epic

  • Race: Terran Terran
  • League: Master
  • Spawn Location: 7:00

Astrea - Winner!

  • Race: Protoss Protoss
  • League: Grandmaster
  • Spawn Location: 1:00

Event: Cheeseadelphia XI, Cheeseadelphia XI

VOD

Have the link to the VOD?

Description

Time

  • Played on: Dec. 15, 2019, 1:08 p.m.
  • Length: 7:55

All games in this series

Show
View Real Time Build Order
Export as new Build Order

Epic Terran 

Build Orders: Reaper Expand 

Get SALT Encoding   

  12  0:00  SCV  
  13  0:12  SCV  
  14  0:17  Supply Depot  
  14  0:25  SCV  
  15  0:38  SCV  
  15  0:39  Barracks  
  16  0:43  Refinery  
  16  0:50  SCV  
  17  1:02  SCV  
  18  1:15  SCV  
  19  1:26  Reaper  
  19  1:27  Orbital Command  
  20  1:45  Command Center  
  20  1:53  SCV  
  21  1:56  Barracks  
  21  1:59  Barracks Reactor  
  21  2:05  SCV  
  21  2:08  Supply Depot  
  22  2:15  Refinery  
  22  2:17  SCV  
  23  2:23  Bunker  
  23  2:29  SCV  
  24  2:34  Factory  
  24  2:36  Marine  
  25  2:39  Marine  
  25  2:42  SCV  
  27  2:45  Barracks Tech Lab  
  27  2:54  SCV  
  27  2:57  Orbital Command  
  28  3:03  Stimpack  
  27  3:07  SCV  
  27  3:10  Marine x2  
  30  3:13  Marine  
  31  3:21  Starport  
  31  3:23  Factory Reactor  
  31  3:26  SCV  
  32  3:28  SCV  
  32  3:32  Marine x2  
  32  3:33  Marine  
  36  3:40  SCV x2  
  38  3:47  Supply Depot  
  38  3:50  Marine x2  
  38  3:51  Marine  
  38  3:52  SCV  
  38  3:53  SCV  
  43  4:04  Medivac  
  43  4:07  Marine  
  43  4:08  Supply Depot, Medivac, Marine  
  43  4:09  Marine  
  50  4:11  SCV x2  
  50  4:15  Factory Tech Lab  
  52  4:18  Refinery  
  52  4:21  Engineering Bay  
  52  4:23  SCV  
  54  4:24  SCV  
  54  4:29  Marine x3  
  57  4:34  Supply Depot  
  57  4:41  SCV x2  
  57  4:43  Combat Shield  
  59  4:47  Terran Infantry Weapons Level 1, Missile Turret  
  59  4:51  Marine x3  
  62  4:56  SCV x2  
  64  5:02  Siege Tank  
  67  5:07  Supply Depot  
  67  5:08  Supply Depot  
  67  5:09  Marine x2  
  67  5:10  Marine  
  70  5:28  SCV x2, Medivac x2  
  70  5:31  Supply Depot  
  70  5:32  Supply Depot, Marine x3  
  79  5:38  Siege Tank  
  79  5:40  SCV x2  
  83  5:50  Supply Depot, Marine x3  
  83  5:53  SCV x2  
  88  6:00  Command Center  
  87  6:11  Marine x3  
  90  6:14  SCV x2  
  92  6:26  Barracks x2, Factory Reactor  
  92  6:30  Barracks, SCV x2  
  92  6:31  Marine  
  92  6:32  Marine x2  
  87  6:36  Refinery  
  78  7:01  SCV x2  
  63  7:04  Marauder, Marine x2  
  63  7:12  Orbital Command  
  63  7:13  SCV x2  
  63  7:15  Widow Mine x2  
  68  7:16  Barracks Reactor, Barracks Tech Lab  
  68  7:19  Marauder, Medivac x2  
  74  7:26  SCV x2  
  76  7:33  Engineering Bay, Armory  
  76  7:34  Marine x2  
  81  7:40  Missile Turret  
Show
View Real Time Build Order
Export as new Build Order

Astrea Protoss - Winner!

Build Orders: 1 Gate Expand, Phoenix Opening, Colossus Rush 

Get SALT Encoding   

  12  0:00  Probe  
  13  0:12  Probe  
  14  0:17  Pylon  
  14  0:24  Probe (Chrono Boost)  
  16  0:36  Probe (Chrono Boost), Gateway  
  16  0:42  Probe (Chrono Boost)  
  16  0:45  Assimilator  
  17  0:51  Probe  
  18  1:03  Probe  
  19  1:15  Probe  
  20  1:22  Nexus  
  20  1:32  Cybernetics Core  
  20  1:36  Probe  
  21  1:43  Assimilator  
  21  1:48  Probe  
  22  1:54  Pylon  
  22  2:00  Probe  
  23  2:08  Probe  
  23  2:09  Adept (Chrono Boost)  
  26  2:16  Stargate, Probe  
  27  2:27  Probe  
  28  2:32  Adept (Chrono Boost)  
  28  2:35  Probe  
  31  2:39  Probe  
  32  2:47  Probe  
  32  2:48  Warp Gate  
  34  2:51  Probe  
  34  2:59  Probe  
  34  3:01  Phoenix (Chrono Boost)  
  34  3:03  Probe  
  38  3:11  Probe  
  39  3:13  Pylon  
  39  3:15  Probe  
  40  3:22  Phoenix (Chrono Boost)  
  40  3:23  Probe  
  43  3:27  Probe  
  43  3:32  Robotics Facility  
  44  3:36  Probe  
  44  3:39  Probe  
  44  3:40  Assimilator  
  46  3:43  Phoenix  
  46  3:44  Assimilator  
  46  3:48  Probe (Chrono Boost)  
  49  3:55  Pylon  
  50  3:57  Probe (Chrono Boost)  
  50  4:00  Probe (Chrono Boost)  
  51  4:05  Probe x2 (Chrono Boost)  
  53  4:13  Phoenix  
  53  4:14  Probe  
  53  4:16  Probe  
  57  4:20  Pylon  
  57  4:21  Gateway  
  57  4:22  Observer  
  57  4:23  Gateway  
  58  4:26  Probe  
  58  4:29  Robotics Bay  
  59  4:35  Pylon  
  59  4:36  Sentry  
  61  4:44  Immortal (Chrono Boost)  
  61  4:50  Pylon  
  65  4:54  Phoenix  
  67  5:08  Nexus  
  67  5:14  Colossus (Chrono Boost)  
  73  5:26  Stalker x2  
  73  5:27  Stalker  
  79  5:28  Probe  
  79  5:29  Probe  
  81  5:36  Pylon  
  81  5:38  Pylon  
  81  5:41  Probe x2  
  83  5:46  Extended Thermal Lance  
  83  5:53  Probe x2  
  85  5:59  Colossus (Chrono Boost)  
  91  6:05  Probe x2  
  93  6:13  Pylon  
  93  6:17  Probe x2  
  95  6:29  Probe x2  
  95  6:30  Probe  
  95  6:32  Stalker x3  
  104  6:35  Pylon  
  104  6:36  Pylon  
  104  6:39  Shield Battery x2  
  104  6:41  Colossus (Chrono Boost)  
  110  6:49  Probe  
  110  6:54  Probe  
  97  6:58  Probe  
  98  7:02  Probe (Chrono Boost)  
  98  7:06  Probe (Chrono Boost)  
  100  7:15  Probe (Chrono Boost)  
  102  7:17  Probe (Chrono Boost), Forge  
  102  7:18  Forge  
  102  7:19  Nexus, Probe (Chrono Boost)  
  102  7:20  Twilight Council  
  104  7:22  Probe (Chrono Boost)  
  104  7:23  Probe (Chrono Boost)  
  104  7:25  Probe  
  108  7:32  Probe  
  108  7:34  Probe  
  110  7:38  Probe  
  110  7:42  Pylon  
  111  7:44  Pylon  
Tags
 
Add a new tag
Caveats
  • Supply blocks, unpowered buildings, or Contaminate may cause inaccurate times.
  • Supply counts are checked every 10 seconds.